 Dungeon Crawl Stone Soup version 0.21-a0-521-g1cd18d1 (webtiles) character file.

877 Gerstahl the Chiller (level 8, -5/62 HPs)
             Began as a Naga Ice Elementalist on Dec 5, 2017.
             Slain by Menkaure (17 damage)
             ... on level 6 of the Dungeon.
             The game lasted 00:16:08 (6871 turns).

Gerstahl the Chiller (Naga Ice Elementalist)        Turns: 6871, Time: 00:16:10

Health: -5/62      AC:  4    Str: 11      XL:     8   Next: 4%
Magic:  16/16      EV:  9    Int: 17      God:
Gold:   323        SH:  0    Dex:  9 (12) Spells: 9/17 levels left

rFire    . . .     SeeInvis +   (no weapon)
rCold    . . .     Gourm    .   (no shield)
rNeg     . . .     Faith    .   k - +0 leather armour (curse)
rPois    +         Spirit   .   (no helmet)
rElec    .         Reflect  .   m - scarf {cloud immunity}
rCorr    .         Harm     .   (no gloves)
MR       +....                  (no barding)
Stlth    ++........             (no amulet)
HPRegen  0.20/turn              (no ring)
MPRegen  0.15/turn              (no ring)

@: very slow
A: large, see invisible, deformed body, poison resistance, slowness 2, slow
metabolism 1, spit poison 1, AC +2
a: Spit Poison


You were on level 6 of the Dungeon.
You were very hungry.

You visited 1 branch of the dungeon, and saw 6 of its levels.

You collected 323 gold pieces.

Inventory:

Armour
 a - a +0 robe
 k - a cursed +0 leather armour (worn)
 m - a scarf of cloud immunity (worn)
 u - a +0 pair of gloves
Wands
 e - a wand of polymorph (10)
 p - a wand of iceblast (6)
 y - a wand of acid (8)
Scrolls
 d - 4 scrolls of fog {unknown}
 f - 3 scrolls of immolation {unknown}
 g - 2 scrolls of fear {unknown}
 h - 4 scrolls of remove curse {unknown}
 i - 5 scrolls of teleportation {unknown}
 j - a scroll of random uselessness {unknown}
 l - 2 scrolls of noise {unknown}
 o - a scroll of magic mapping {unknown}
 s - a scroll of enchant armour {unknown}
 v - 4 scrolls of identify {unknown}
Potions
 n - a potion of lignification
 q - a potion of cancellation {unknown}
 r - a potion of heal wounds {unknown}
 t - a potion of curing
 x - 2 potions of haste {unknown}
 A - a potion of resistance {unknown}
 C - a potion of ambrosia {unknown}
Books
 b - a book of Frost

   Spells                             Type                      Level
   a - Freeze                         Ice                          1
   b - Throw Frost                    Conjuration/Ice              2
   c - Ozocubu's Armour               Charms/Ice                   3
   d - Throw Icicle                   Conjuration/Ice              4
   e - Summon Ice Beast               Ice/Summoning                4
Comestibles
 c - 3 bread rations
 B - 2 royal jellies
 D - a meat ration


   Skills:
 - Level 1.5 Dodging
 - Level 3.0 Stealth
 + Level 5.4 Spellcasting
 + Level 2.9 Conjurations
 - Level 2.2 Charms
 + Level 6.3 Ice Magic


You had 9 spell levels left.
You knew the following spells:

 Your Spells              Type           Power        Failure   Level  Hunger
a - Freeze                Ice            ####         1%          1    None
b - Ozocubu's Armour      Chrm/Ice       ###.....     9%          3    ##.....
c - Throw Icicle          Conj/Ice       ###.....     26%         4    ####...


Dungeon Overview and Level Annotations

Branches:
Dungeon (6/15)
 Temple: D:4-7

Altars:
Elyvilon
Qazlal
Ru
Sif Muna
Vehumet
Wu Jian
Xom
Yredelemnul
The Shining One

Shops:
D:4 %

Annotations:
D:6 Menkaure


Innate Abilities, Weirdness & Mutations

You cannot wear boots.
Your serpentine skin is tough. (AC +2)
You have supernaturally acute eyesight. (SInv)
Armour fits poorly on your strangely shaped body.
Your system is resistant to poisons. (rPois)
You cover ground very slowly.
You have a slow metabolism.
You can spit poison.


Message History

t - a potion of curing Menkaure, Prince of Dust comes into view.
Menkaure shouts!
Menkaure is nearby!
Press: ? - help, v - describe, . - travel The floor.
Menkaure casts a spell.
Menkaure seems to speed up.
Menkaure calls on the powers of darkness!
Your body is wracked with pain!
Your icy armour starts to melt.
Menkaure calls on the powers of darkness!
Your body is wracked with pain!
* * * LOW HITPOINT WARNING * * *
Your icy armour evaporates.
Menkaure calls on the powers of darkness!
Your body is wracked with pain!
* * * LOW HITPOINT WARNING * * *
Menkaure hits you!
You die...

#...# #....##.#
##..######.#.##.#
####...##......##.# #
#......##.##.#.##.# .#
#.##...##.##.#.##%###.#
#.##.####.[.........#.#
#.##.# ###.....)......
#.##.######..#........[
#M##.M@...#..####.#.##.
#.#######.#.. #.#.# #.#
.. ..#<# #.# ##. ##...#
#.. #.### ##.# #<# .#
#. .# .#


You could see Menkaure.

Vanquished Creatures
  A centaur (D:6)
  2 bullfrogs (D:6)
  A scorpion (D:6)
  A howler monkey (D:4)
  A quasit (D:5)
  A centaur skeleton (D:4)
  An orc priest (D:4)
  2 hounds
  An orc wizard (D:4)
  A bullfrog skeleton (D:6)
  An iguana (D:4)
  3 worker ants
  A killer bee zombie (D:5)
  A hound skeleton (D:5)
  A worker ant zombie (D:5)
  9 adders
  3 gnolls (D:3)
  A howler monkey skeleton (D:4)
  A shadow imp (D:6)
  An ooze (D:3)
  2 adder skeletons
  An adder zombie (D:5)
  3 worms
  5 leopard geckos
  11 orcs
  A giant cockroach (D:3)
  11 goblins
  9 hobgoblins
  8 kobolds
  3 quokkas
  A ball python (D:1)
  5 bats
  6 frilled lizards
  A quokka skeleton (D:4)
  6 rats
107 creatures vanquished.

Vanquished Creatures (others)
  A bullfrog skeleton (D:4)
  2 worms (D:4)
  An orc (D:4)
4 creatures vanquished.

Grand Total: 111 creatures vanquished

Notes
Turn   | Place    | Note
-------+----------+-------------------------------------------
     0 | D:1      | Gerstahl the Naga Ice Elementalist began the quest for the Orb.
     0 | D:1      | Reached XP level 1. HP: 15/15 MP: 3/3
   265 | D:1      | Reached XP level 2. HP: 6/22 MP: 0/5
  1112 | D:1      | Reached XP level 3. HP: 22/28 MP: 3/6
  1652 | D:2      | Reached skill level 4 in Ice Magic
  1652 | D:2      | Reached XP level 4. HP: 16/36 MP: 6/8
  2097 | D:2      | Found a faded altar of an unknown god.
  2374 | D:2      | Found a sacrificial altar of Ru.
  2406 | D:2      | Found an ornate altar of the Wu Jian Council.
  2622 | D:3      | Found a basalt altar of Yredelemnul.
  2631 | D:3      | Reached XP level 5. HP: 18/42 MP: 6/10
  2902 | D:3      | Found a shimmering altar of Xom.
  2902 | D:3      | Found a shimmering altar of Xom.
  2903 | D:3      | Found a shimmering altar of Xom.
  2904 | D:3      | Found a shimmering altar of Xom.
  2951 | D:3      | Found a shimmering altar of Xom.
  3207 | D:3      | Found a deep blue altar of Sif Muna.
  3311 | D:3      | Found a glowing golden altar of the Shining One.
  3528 | D:4      | Found Muiluma's Food Boutique.
  3554 | D:4      | Reached skill level 5 in Ice Magic
  3554 | D:4      | Reached XP level 6. HP: 6/49 MP: 3/12
  3799 | D:4      | Found a radiant altar of Vehumet.
  4309 | D:4      | Learned a level 3 spell: Ozocubu's Armour
  4314 | D:4      | Learned a level 4 spell: Throw Icicle
  4384 | D:4      | Found a stormy altar of Qazlal.
  4840 | D:5      | Entered Level 5 of the Dungeon
  5081 | D:5      | Reached XP level 7. HP: 43/55 MP: 9/14
  5346 | D:5      | Reached skill level 1 in Charms
  5499 | D:5      | HP: 4/82 [killer bee zombie (5)]
  5809 | D:5      | Found a white marble altar of Elyvilon.
  5824 | D:5      | Reached skill level 5 in Spellcasting
  6369 | D:6      | Reached skill level 6 in Ice Magic
  6834 | D:6      | Reached XP level 8. HP: 57/62 MP: 9/16
  6857 | D:6      | Noticed Menkaure
  6871 | D:6      | Slain by Menkaure

Vault maps used:
D:1:      evilmike_arrival_crescent, minmay_misc_feat_ornament
D:2:      nicolae_ru_the_path_less_chosen, nicolae_overflow_crystal_walls,
          chequers_ecumenical_altar_simple
D:3:      yredelemnul_altar_generic, marbit_many_paths, xom_redecorated,
          tso_altar, minmay_misc_feat_secret_circle
D:4:      fiery_altar_vehumet, lemuel_doored_altar, serial_shops,
          nicolae_shop_statue_plus
D:5:      elyvilon_altar_3, first_bread, hangedman_decor_points
D:6:      minmay_temple_entry_crystal_x, serial_shops, shop,
          nicolae_shop_overgrown_old_shop, uniq_menkaure

Skill      XL: |  1  2  3  4  5  6  7 |
---------------+----------------------+-----
Spellcasting   | 3 4 5 |  5.4
Ice Magic      | 4 5 6 |  6.3
Charms         | 2 |  2.2
Conjurations   | 2 |  2.9
Dodging        | |  1.5
Stealth        | |  3.0

Action                   |  1- 3 |  4- 6 |  7- 9 || total
-------------------------+-------+-------+-------++-------
Melee: Unarmed           |    28 |    98 |    53 ||   179
 Cast: Freeze            |    34 |   107 |    38 ||   179
       Ozocubu's Armour  |       |       |     2 ||     2
 Abil: Spit Poison       |     4 |     8 |     4 ||    16
Evoke: Wand              |       |     2 |    21 ||    23
  Use: Potion            |       |     3 |     1 ||     4
 Stab: Sleeping          |     5 |     2 |     1 ||     8
  Eat: Chunk             |     2 |     8 |     3 ||    13
       Fruit             |       |       |     1 ||     1
Armor: Robe              |    12 |       |       ||    12
       Leather armour    |     6 |    49 |    43 ||    98
       Skin              |       |       |     2 ||     2
Dodge: Dodged            |    34 |   109 |    69 ||   212

Table legend:
 A = Spawn XP
 B = Non-spawn XP
 C = Spawn XP percentage of total XP
 D = Spawn monster count
 E = Non-spawn monster count
 F = Spawn count percentage of total count
 G = Total turns spent on level
                    A         B        C        D         E        F      G
               +---------+---------+-------+---------+---------+-------+---------
         Total |       0 |    1254 |   0.0 |       0 |     107 |   0.0 |  6871
               +---------+---------+-------+---------+---------+-------+---------
           D:1 |       0 |      35 |   0.0 |       0 |      20 |   0.0 |  1276
           D:2 |       0 |     103 |   0.0 |       0 |      19 |   0.0 |  1267
           D:3 |       0 |     109 |   0.0 |       0 |      28 |   0.0 |   818
           D:4 |       0 |     339 |   0.0 |       0 |      17 |   0.0 |  1479
           D:5 |       0 |     263 |   0.0 |       0 |      17 |   0.0 |  1522
           D:6 |       0 |     405 |   0.0 |       0 |       6 |   0.0 |   509
               +---------+---------+-------+---------+---------+-------+---------
